 Dungeon Crawl Stone Soup version 0.22-a0-469-gf26638a (webtiles) character file.

493 Laiders72 the Shield-Bearer (level 7, -12/55 HPs)
             Began as a Formicid Fighter on June 13, 2018.
             Mangled by an ogre
             ... wielding a +0 giant spiked club
              (24 damage)
             ... on level 4 of the Dungeon on June 14, 2018.
             The game lasted 00:07:35 (3405 turns).

Laiders72 the Shield-Bearer (Formicid Fighter)      Turns: 3405, Time: 00:07:36

Health: -12/55     AC: 12    Str: 22    XL:     7   Next: 37%
Magic:  7/7        EV:  5    Int:  7    God:
Gold:   104        SH: 11    Dex: 11    Spells: 6/6 levels left

rFire    . . .     SeeInvis +   a - +0 flail
rCold    . . .     Gourm    .   c - +1 shield
rNeg     . . .     Faith    .   s - +0 plate armour
rPois    .         Spirit   .   (helmet unavailable)
rElec    .         Reflect  .   (no cloak)
rCorr    .         Harm     .   (no gloves)
MR       .....                  (no boots)
Stlth    ..........             (no amulet)
HPRegen  0.18/turn              i - ring of teleportation (curse)
MPRegen  0.10/turn              o - ring of stealth

@: no status effects
A: permanent stasis, dig shafts and tunnels, four strong arms, antennae 3
a: Dig, Shaft Self


You were on level 4 of the Dungeon.
You were not hungry.

You visited 1 branch of the dungeon, and saw 4 of its levels.

You collected 104 gold pieces.

Inventory:

Hand Weapons
 a - a +0 flail (weapon)
Missiles
 k - 2 tomahawks (quivered)
Armour
 c - a +1 shield (worn)
 s - a +0 plate armour (worn)
Jewellery
 i - a cursed ring of teleportation (left hand)
 o - a ring of stealth (right hand)
Scrolls
 b - 2 scrolls of remove curse {unknown}
 e - a scroll of amnesia
 n - a scroll of immolation {unknown}
Potions
 h - 5 potions of lignification
 j - a potion of flight {unknown}
 l - a potion of degeneration {unknown}
 m - 2 potions of curing {unknown}
 p - 3 potions of haste {unknown}
 q - 3 potions of magic {unknown}
Comestibles
 d - 4 chunks of flesh
 f - 8 rations


   Skills:
 + Level 4.9 Fighting
 * Level 4.9 Maces & Flails
 + Level 4.8 Armour
 + Level 5.2 Shields


You had 6 spell levels left.
You didn't know any spells.
Your spell library was empty.

Dungeon Overview and Level Annotations

Branches:
Dungeon (4/15)
 Temple: D:4-7

Altars:
Dithmenos


Innate Abilities, Weirdness & Mutations

You cannot be hasted, slowed, berserked, paralysed or teleported.
You can dig through walls and to a lower floor.
Your four strong arms can wield two-handed weapons with a shield.
You have a pair of large antennae on your head. (SInv)


Message History

You thump the orc priest!
You kill the orc priest!
You block the orc's attack.
You sock the ogre!
The ogre is moderately wounded.
You block the orc's attack. The ogre hits you but does no damage.
You sock the ogre!
The ogre is almost dead.
The orc hits you with a hand axe.
The ogre hits you with a giant spiked club.
You barely miss the ogre.
The ogre is almost dead.
The orc hits you but does no damage.
The ogre hits you with a giant spiked club!!
* * * LOW HITPOINT WARNING * * *
Your plate armour prevents you from hitting the ogre.
The ogre is severely wounded.
You block the orc's attack.
The ogre hits you with a giant spiked club!!
You die...

. #........ .. #........
... ##########....>...
....###..O..............
....?)..########........
....##### #........ ...
#........ .. #Oo...... .
#@....... #........
#.#...).# { ######### {
{


You could see an ogre and an orc.

Vanquished Creatures
  Sigmund (D:2)
  A sky beast (D:2)
  2 orc priests (D:4)
  An orc wizard (D:3)
  5 adders
  2 oozes
  4 dart slugs
  3 worms
  3 leopard geckos
  7 orcs
  10 goblins
  9 hobgoblins
  10 kobolds
  A ball python skeleton (D:3)
  8 bats
  4 frilled lizards
  A leopard gecko skeleton (D:3)
  9 rats
81 creatures vanquished.

Notes
Turn   | Place    | Note
-------+----------+-------------------------------------------
     0 | D:1      | Laiders72 the Formicid Fighter began the quest for the Orb.
     0 | D:1      | Reached XP level 1. HP: 18/18 MP: 1/1
   223 | D:1      | Reached XP level 2. HP: 24/24 MP: 2/2
   668 | D:1      | Reached XP level 3. HP: 29/29 MP: 3/3
   758 | D:1      | Reached skill level 4 in Shields
   779 | D:1      | You fall through a shaft!
   903 | D:2      | Found a shadowy altar of Dithmenos.
   971 | D:2      | Reached XP level 4. HP: 35/37 MP: 4/4
   995 | D:2      | Noticed Sigmund
  1028 | D:2      | You fall through a shaft!
  1196 | D:3      | Reached XP level 5. HP: 35/42 MP: 5/5
  2900 | D:2      | Noticed a sky beast
  2922 | D:2      | Killed a sky beast
  2922 | D:2      | Reached XP level 6. HP: 44/49 MP: 6/6
  3176 | D:2      | Killed Sigmund
  3176 | D:2      | Reached skill level 5 in Shields
  3176 | D:2      | Reached XP level 7. HP: 54/55 MP: 7/7
  3405 | D:4      | Mangled by an ogre

Vault maps used:
D:1:      nicolae_arrival_somewhat_less_tricky_arrival
D:2:      grunt_dithmenos_smoke_and_mirrors, serial_forest,
          infiniplex_forest_clump_small, infiniplex_forest_lined_4_way,
          infiniplex_forest_lined_3, infiniplex_forest_clump_cross,
          infiniplex_forest_zigzag_1, infiniplex_forest_straight_2,
          infiniplex_forest_join, infiniplex_forest_end_1,
          kennysheep_generic_room_16, uniq_sigmund
D:3:      first_ration
D:4:      gup_sewer_entry_spiral

Skill      XL: |  1  2  3  4  5  6 |
---------------+-------------------+-----
Shields        | 4 5 |  5.2
Maces & Flails | 3 4 |  4.9
Fighting       | 4 |  4.9
Armour         | 4 |  4.8

Action                   |  1- 3 |  4- 6 |  7- 9 || total
-------------------------+-------+-------+-------++-------
Melee: Flail             |   138 |   193 |    22 ||   353
 Abil: Shaft Self        |       |     1 |       ||     1
  Use: Scroll            |       |     8 |       ||     8
       Potion            |       |     2 |       ||     2
  Eat: Chunk             |       |     8 |     1 ||     9
Armor: Scale mail        |    66 |    47 |       ||   113
       Plate armour      |       |    47 |     8 ||    55
Dodge: Dodged            |    66 |    62 |     2 ||   130
Block: Shield            |    85 |   117 |    10 ||   212

Table legend:
 A = Spawn XP
 B = Non-spawn XP
 C = Spawn XP percentage of total XP
 D = Spawn monster count
 E = Non-spawn monster count
 F = Spawn count percentage of total count
 G = Total turns spent on level
                    A         B        C        D         E        F      G
               +---------+---------+-------+---------+---------+-------+---------
         Total |       0 |     705 |   0.0 |       0 |      81 |   0.0 |  3405
               +---------+---------+-------+---------+---------+-------+---------
           D:1 |       0 |      41 |   0.0 |       0 |      24 |   0.0 |   931
           D:2 |       0 |     436 |   0.0 |       0 |      25 |   0.0 |  1372
           D:3 |       0 |     136 |   0.0 |       0 |      29 |   0.0 |  1055
           D:4 |       0 |      92 |   0.0 |       0 |       3 |   0.0 |    47
               +---------+---------+-------+---------+---------+-------+---------
